Map: 数据C

Players

Jieshi

  • Race: Protoss Protoss
  • Spawn Location: 3:00

Scarlett - Winner!

  • Race: Zerg Zerg
  • Spawn Location: 9:00

Event: DreamHack SC2 Masters 2022 Atlanta (Offline)

VOD

Have the link to the VOD?

Description

Time

  • Played on: Nov. 18, 2022, 3:08 p.m.
  • Length: 8:30

All games in this series

Show
View Real Time Build Order
Export as new Build Order

Jieshi Protoss 

Build Orders: 1 Gate Expand, Zealot Archon 

Get SALT Encoding   

  12  0:00  Probe  
  13  0:12  Probe  
  14  0:19  Pylon  
  14  0:25  Probe (Chrono Boost)  
  15  0:38  Gateway, Probe (Chrono Boost)  
  16  0:44  Probe (Chrono Boost)  
  16  0:47  Assimilator  
  17  0:53  Probe  
  18  1:05  Probe  
  19  1:17  Probe  
  20  1:25  Nexus  
  20  1:35  Cybernetics Core  
  20  1:37  Probe  
  21  1:43  Assimilator  
  21  1:49  Probe  
  21  1:52  Pylon  
  22  2:01  Probe  
  23  2:08  Adept (Chrono Boost)  
  23  2:12  Warp Gate  
  23  2:13  Probe  
  26  2:19  Gateway  
  26  2:25  Probe  
  27  2:33  Stargate  
  27  2:37  Probe (Chrono Boost)  
  27  2:38  Probe (Chrono Boost)  
  28  2:49  Probe (Chrono Boost)  
  28  2:50  Probe (Chrono Boost)  
  30  2:52  Adept  
  30  2:57  Probe x2 (Chrono Boost)  
  34  3:04  Probe x2  
  36  3:16  Probe x2  
  42  3:20  Void Ray (Chrono Boost)  
  42  3:23  Twilight Council  
  42  3:31  Probe x2  
  42  3:34  Gateway  
  44  3:41  Gateway  
  44  3:44  Gateway  
  44  3:48  Pylon  
  44  3:49  Probe  
  44  3:50  Probe  
  44  3:55  Resonating Glaives (Chrono Boost)  
  46  3:58  Pylon  
  46  4:06  Probe x2  
  47  4:16  Nexus  
  47  4:20  Adept  
  47  4:22  Pylon  
  49  4:30  Adept  
  48  4:37  Adept  
  50  4:39  Adept  
  50  4:40  Probe x2  
  50  4:41  Adept  
  55  4:49  Dark Shrine  
  55  4:51  Assimilator  
  55  4:53  Adept  
  55  4:54  Probe  
  55  4:55  Probe, Assimilator  
  55  4:59  Adept  
  61  5:02  Adept  
  61  5:06  Adept  
  65  5:08  Probe  
  65  5:09  Probe  
  67  5:17  Robotics Facility  
  68  5:21  Probe (Chrono Boost)  
  68  5:22  Pylon  
  68  5:28  Probe (Chrono Boost)  
  69  5:35  Probe (Chrono Boost)  
  71  5:37  Probe (Chrono Boost)  
  71  5:43  Probe  
  71  5:44  Probe  
  71  5:55  Probe  
  71  5:56  Probe  
  73  6:01  Immortal (Chrono Boost)  
  73  6:02  Probe  
  72  6:06  Shield Battery  
  72  6:07  Sentry x3, Probe  
  72  6:08  Probe  
  72  6:10  Pylon  
  84  6:14  Forge  
  84  6:16  Gateway  
  84  6:19  Gateway, Probe  
  84  6:20  Probe, Gateway  
  84  6:23  Probe  
  87  6:28  Blink  
  87  6:31  Probe, Pylon  
  88  6:34  Observer (Chrono Boost)  
  88  6:39  Probe  
  90  6:42  Gateway  
  90  6:43  Gateway  
  90  6:44  Probe  
  90  6:45  Pylon  
  91  6:49  Dark Templar  
  91  6:50  Dark Templar  
  91  6:52  Dark Templar  
  97  7:00  Shield Battery  
  97  7:01  Archon  
  97  7:03  Immortal (Chrono Boost), Stalker  
  97  7:08  Photon Cannon  
  103  7:10  Pylon  
  103  7:21  Adept  
  103  7:22  Adept x2  
  109  7:29  Stalker  
  110  7:32  Shield Battery  
  110  7:34  Immortal  
  113  7:37  Stalker  
  113  7:38  Stalker  
  106  8:00  Probe x2  
  106  8:01  Dark Templar  
  106  8:03  Zealot x2  
  93  8:07  Zealot x3, Dark Templar  
  93  8:08  Probe  
  93  8:12  Probe x2  
  67  8:21  Dark Templar  
  67  8:27  Zealot x2  
Show
View Real Time Build Order
Export as new Build Order

Scarlett Zerg - Winner!

Build Orders: Pool First 

Get SALT Encoding   

  12  0:00  Drone  
  13  0:12  Overlord  
  13  0:18  Drone  
  14  0:30  Drone x2  
  14  0:34  Drone  
  17  0:43  Spawning Pool  
  17  0:47  Drone  
  17  1:08  Hatchery  
  17  1:11  Extractor  
  15  1:12  Drone  
  15  1:16  Drone  
  17  1:20  Drone  
  18  1:30  Zergling x2  
  18  1:32  Queen  
  21  1:40  Overlord  
  21  1:51  Drone  
  22  2:00  Drone  
  23  2:08  Queen  
  23  2:10  Drone  
  26  2:21  Hatchery  
  25  2:23  Drone  
  25  2:28  Metabolic Boost  
  26  2:33  Drone  
  27  2:37  Drone x2  
  27  2:42  Zergling x2  
  27  2:43  Drone  
  31  2:47  Drone  
  31  2:48  Drone  
  33  2:52  Overlord  
  33  2:55  Drone  
  34  3:00  Drone  
  34  3:02  Drone  
  36  3:10  Queen x2  
  40  3:14  Drone  
  40  3:17  Drone x2  
  40  3:19  Drone  
  44  3:25  Overlord  
  44  3:34  Queen  
  44  3:36  Spore Crawler, Drone x2  
  44  3:39  Drone x2  
  44  3:40  Drone  
  50  3:46  Zergling x8  
  50  3:47  Zergling x2  
  55  3:53  Drone x3  
  58  4:00  Overlord  
  58  4:03  Overlord  
  58  4:07  Overlord  
  57  4:10  Overlord  
  56  4:17  Queen  
  56  4:18  Spore Crawler  
  56  4:19  Drone  
  58  4:29  Drone x11  
  68  4:37  Roach Warren  
  65  4:44  Queen  
  65  4:46  Drone x4  
  65  4:50  Queen  
  65  4:52  Zergling x8  
  75  4:59  Zergling x6, Spine Crawler  
  77  5:04  Extractor, Overlord  
  76  5:08  Extractor  
  76  5:10  Overlord  
  75  5:15  Lair  
  75  5:16  Roach  
  75  5:17  Roach x2  
  75  5:18  Overlord  
  81  5:22  Overlord  
  81  5:24  Roach x4  
  89  5:29  Zergling x2  
  89  5:35  Roach x3  
  95  5:39  Zergling x2  
  95  5:42  Zergling x4  
  97  5:48  Zergling x14  
  97  5:52  Zergling x2  
  97  5:55  Zergling x8  
  100  6:05  Roach x2  
  100  6:09  Pneumatized Carapace  
  104  6:11  Extractor  
  104  6:14  Overlord  
  104  6:15  Overlord  
  104  6:16  Zergling x14  
  110  6:21  Overlord  
  110  6:23  Overlord  
  110  6:30  Ravager x2, Overlord x2  
  112  6:35  Zergling x6  
  112  6:36  Ravager  
  112  6:39  Zergling x4  
  118  6:43  Zergling x8  
  118  6:44  Ravager  
  123  6:50  Zergling x8  
  123  6:53  Ravager  
  128  6:55  Zergling x6  
  128  6:56  Zergling x2  
  128  6:59  Overseer  
  131  7:02  Zergling x6  
  131  7:05  Overseer  
  134  7:09  Queen  
  134  7:10  Zergling x4  
  134  7:12  Overseer  
  137  7:19  Zergling x12  
  143  7:27  Zergling x2  
  143  7:28  Zergling x6  
  144  7:37  Ravager x2  
  144  7:40  Zergling x12  
  144  7:43  Drone  
  144  7:44  Drone x3  
  149  7:56  Zergling x2  
  149  7:57  Zergling x10  
  142  8:09  Zergling x2  
  142  8:10  Zergling x4  
Tags
 
Add a new tag
Caveats
  • Supply blocks, unpowered buildings, or Contaminate may cause inaccurate times.
  • Supply counts are checked every 10 seconds.